Map: Alcyone LE

Players

A.I. 1 (Medium)

  • Race: Terran Terran
  • Spawn Location: 1:00

Phreek - Winner!

  • Race: Zerg Zerg
  • Spawn Location: 7:00

VOD

Have the link to the VOD?

Description

Time

  • Played on: May 7, 2024, 4:56 p.m.
  • Length: 10:56
Show
View Real Time Build Order
Export as new Build Order

A.I. 1 (Medium) Terran 

Build Orders:  

Get SALT Encoding   

  12  0:00  SCV  
  13  0:13  SCV  
  14  0:19  Supply Depot  
  14  0:25  SCV  
  15  0:40  SCV  
  15  0:42  Barracks  
  16  0:47  Refinery  
  16  0:52  SCV  
  17  1:04  SCV  
  18  1:16  Supply Depot  
  18  1:28  Marine  
  19  1:44  Orbital Command  
  19  1:46  Marine  
  20  1:51  Factory  
  20  1:59  Supply Depot  
  20  2:04  Marine  
  21  2:11  SCV  
  22  2:21  Refinery  
  22  2:22  Barracks Tech Lab  
  22  2:23  SCV  
  23  2:34  Engineering Bay  
  23  2:35  SCV  
  24  2:37  Hellion  
  28  2:44  Marauder  
  28  2:47  SCV  
  29  2:59  Hellion, SCV  
  29  3:01  Supply Depot  
  32  3:11  SCV  
  33  4:30  Widow Mine, SCV  
  36  4:31  Barracks  
  36  4:33  Missile Turret  
  36  4:34  Missile Turret  
  36  4:38  Supply Depot  
  36  4:41  Marine  
  36  4:42  Sensor Tower  
  36  4:43  Barracks, SCV  
  38  4:46  Armory  
  38  4:52  Factory Tech Lab  
  38  4:54  Bunker  
  38  4:59  Marine  
  39  5:01  Starport  
  39  5:02  Supply Depot  
  39  5:11  Widow Mine  
  32  5:19  Barracks Tech Lab  
  32  5:21  Marine  
  33  5:30  Barracks Reactor  
  33  5:33  Siege Tank  
  36  5:37  Starport Tech Lab  
  36  5:44  Marine  
  37  5:53  Command Center  
  37  5:56  Raven, Marine  
  40  6:08  Marauder  
  42  6:19  Marauder  
  44  6:30  Marine  
  44  6:31  Raven  
  47  7:05  SCV  
  48  7:08  SCV  
  49  7:17  Refinery, SCV  
  49  7:19  Missile Turret  
  49  7:20  Missile Turret, SCV  
  49  7:22  Refinery  
  52  7:30  SCV  
  52  7:32  SCV  
  53  7:40  Bunker  
  53  7:42  SCV  
  54  7:45  SCV  
  55  7:54  SCV  
  55  7:57  SCV  
  57  8:06  SCV  
  57  8:09  SCV  
  59  8:18  SCV  
  60  8:21  SCV  
  61  8:30  SCV  
  61  8:33  SCV  
  63  8:40  Siege Tank, Medivac  
  68  8:41  Stimpack  
  68  8:42  SCV  
  68  8:43  Factory  
  68  8:46  Combat Shield  
  68  8:47  Marine  
  70  8:48  Starport  
  70  8:51  Supply Depot  
  70  8:54  Engineering Bay, Marine  
  71  9:02  Marine  
  71  9:09  Marine  
  56  9:11  Raven  
  56  9:12  SCV  
  56  9:15  SCV  
  56  9:16  Marine, Supply Depot  
  61  9:23  Marine  
  57  9:24  SCV, Starport Tech Lab, Ghost Academy  
  57  9:27  Factory Tech Lab  
  57  9:31  Hellion  
  43  9:38  Marine  
  42  9:45  Viking, Medivac  
  41  9:52  Marine  
  42  9:59  Marine  
  38  10:04  SCV  
  38  10:06  Marine  
  13  10:29  Command Center  
Show
View Real Time Build Order
Export as new Build Order

Phreek Zerg - Winner!

Build Orders: Hatch First 

Get SALT Encoding   

  12  0:01  Drone  
  13  0:12  Overlord  
  13  0:16  Drone  
  14  0:31  Drone x2  
  16  0:52  Hatchery  
  15  0:57  Drone x2  
  15  0:58  Drone  
  18  1:11  Extractor  
  17  1:14  Spawning Pool  
  17  1:17  Drone  
  17  1:20  Drone  
  18  1:30  Drone  
  19  1:40  Drone  
  20  1:52  Overlord  
  20  2:03  Queen  
  20  2:04  Queen  
  20  2:07  Drone  
  20  2:08  Zergling x2  
  26  2:14  Drone  
  27  2:16  Drone  
  28  2:23  Drone  
  28  2:26  Drone  
  30  2:33  Metabolic Boost  
  30  2:38  Drone x2  
  32  2:51  Hatchery  
  32  2:57  Queen  
  33  2:59  Lair  
  33  3:02  Drone x2  
  33  3:03  Drone  
  36  3:07  Overlord  
  36  3:11  Overlord  
  36  3:17  Overlord  
  36  3:32  Queen  
  36  3:33  Drone  
  36  3:34  Drone x4  
  43  3:54  Drone  
  43  3:55  Drone x7  
  51  3:58  Overlord  
  51  4:02  Overlord  
  51  4:17  Zergling x12  
  57  4:34  Drone x5  
  57  4:35  Drone x3  
  65  4:43  Queen x2  
  65  4:44  Queen  
  71  4:47  Drone  
  71  4:48  Drone x5  
  77  4:59  Evolution Chamber  
  76  5:01  Zergling x2  
  76  5:02  Zergling x12, Roach Warren  
  82  5:11  Zergling x2  
  81  5:40  Overlord x9  
  81  6:14  Zergling x12  
  81  6:15  Zergling x12  
  93  6:30  Zergling x2  
  93  6:31  Zergling x16  
  102  6:36  Zerg Melee Weapons Level 1  
  102  6:38  Glial Reconstitution  
  102  6:43  Roach x3  
  102  6:45  Zergling x2  
  102  6:46  Zergling x2  
  110  6:55  Zergling x10  
  110  7:01  Zergling x8  
  119  7:03  Zergling x8  
  123  7:46  Pneumatized Carapace  
  123  7:51  Roach  
  123  7:52  Roach x2  
  123  7:53  Zergling x22  
  123  7:57  Tunneling Claws  
  140  8:06  Overlord  
  140  8:10  Overlord  
  140  8:14  Overlord  
  140  8:17  Overlord  
  140  8:20  Overlord  
  140  8:31  Zerg Missile Weapons Level 1  
  140  8:37  Zergling x28  
  139  9:44  Drone  
  139  9:45  Drone x14  
  154  9:46  Drone, Hatchery  
  154  9:55  Zergling x30  
Tags
 
Matchup
TvZ
Spawn Locations
Cross Positions
Add a new tag
Caveats
  • Supply blocks, unpowered buildings, or Contaminate may cause inaccurate times.
  • Supply counts are checked every 10 seconds.